Ducks vs Sharks

Created - October 23, 2015 at 18:11

Goals
1 2 3 T
Ducks 1 0 0 1
Sharks 1 1 0 2
Shots
1 2 3 T
Ducks 11 9 9 29
Sharks 6 6 6 18

1st period

1. Sharks , Andrew Shaw 5 (Nick Bjugstad, David Savard) at 0:16
2. Ducks , Ben Chiarot 1 (Mark Scheifele, Yannick Weber) at 13:11 (PP)

Penalties :
Paul Gaustad (ANA) for Roughing (Double Minor) at 1:23, John Klingberg (ANA) for Hooking (Minor) at 9:46, Luke Witkowski (SJS) for Hooking (Minor) at 11:55, Adam Lowry (ANA) for Interference (Minor) at 15:17

2nd period

3. Sharks , Luke Witkowski 1 (Colin McDonald, Alexander Wennberg) at 8:45

Penalties :
Luke Witkowski (SJS) for Interference (Minor) at 2:08, Jordan Staal (ANA) for Holding (Minor) at 14:46

3rd period

No Goal

Penalties :
John Klingberg (ANA) for Holding (Minor) at 5:34, Jordan Leopold (SJS) for Roughing (Minor) at 10:24, David Savard (SJS) for Goalie Interference (Minor) at 15:16, Jordin Tootoo (ANA) for Roughing (Minor) at 17:18

Goalie Stats

Craig Anderson (ANA), 16 saves from 18 shots - (0.889), L, 2-3-1, 59:28 minutes
Jonas Hiller (SJS), 28 saves from 29 shots - (0.966), W, 4-2-0, 60:00 minutes

Players Stats for Ducks

Player Name              G  A  P  +/- PIM S  H  SB GA TA FO     MP     PP MP  PK MP  
------------------------------------------------------------------------------------
Adam Lowry               0  0  0   0  2   0  2  0  0  0  0/0    10:31   0:00   0:00 
Alec Martinez            0  0  0  -1  0   0  1  0  0  0  0/0    25:01   4:08   6:38 
Anton Lander             0  0  0  -1  0   2  0  0  0  0  0/0    16:50   3:00   2:00 
Ben Chiarot              1  0  1   0  0   3  1  1  0  0  0/0    15:47   3:05   2:21 
Boone Jenner             0  0  0  -1  0   2  1  0  0  0  0/0    14:18   3:00   0:00 
Brandon Dubinsky         0  0  0   0  0   2  7  0  0  0  10/21  16:55   4:13   0:18 
Dave Bolland             0  0  0   0  0   2  3  0  0  0  15/23  16:19   0:00   5:47 
Jarome Iginla            0  0  0  -1  0   2  1  0  0  0  5/12   20:56   4:13   4:36 
John Klingberg           0  0  0  -1  4   1  0  1  0  0  0/0    23:16   3:57   4:48 
Jordan Staal             0  0  0  -1  2   0  4  0  0  0  6/12   13:12   0:00   0:00 
Jordin Tootoo            0  0  0  -1  2   0  1  0  0  0  0/3     4:38   0:00   0:00 
Mark Fayne               0  0  0  -1  0   1  1  0  0  0  0/0    20:45   0:11   6:36 
Mark Scheifele           0  1  1   0  0   8  0  0  0  0  1/5    20:03   3:00   5:47 
Paul Gaustad             0  0  0   0  4   0  0  0  0  0  5/7     4:31   0:00   2:16 
Ryan White               0  0  0  -1  0   1  1  0  0  0  0/0     4:39   0:00   0:00 
Wayne Simmonds           0  0  0   0  0   4  0  0  0  0  3/3    16:37   4:13   0:00 
Willie Mitchell          0  0  0  -1  0   0  2  2  0  0  0/0    21:29   0:00   7:05 
Yannick Weber            0  1  1   0  0   1  0  0  0  0  0/2    20:13   3:05   7:24 

Players Stats for Sharks

Player Name              G  A  P  +/- PIM S  H  SB GA TA FO     MP     PP MP  PK MP  
------------------------------------------------------------------------------------
Alexander Wennberg       0  1  1   1  0   0  0  0  0  0  6/14   11:23   0:00   0:00 
Andrew Shaw              1  0  1   1  0   1  1  0  0  0  0/1    23:25   7:35   1:46 
Brooks Laich             0  0  0   0  0   1  1  0  0  0  5/8    20:44   5:42   4:48 
Charlie Coyle            0  0  0   0  0   1  2  0  0  0  10/25  17:50   5:42   1:21 
Colin McDonald           0  1  1   1  0   1  3  0  0  0  0/0    13:04   0:37   1:04 
David Savard             0  1  1   1  2   1  2  1  0  0  0/0    24:47   7:35   1:55 
Jannik Hansen            0  0  0   1  0   0  1  1  0  0  0/0     8:58   0:37   0:00 
Jordan Leopold           0  0  0   0  2   0  2  1  0  0  0/0    19:31   5:42   2:04 
Luke Witkowski           1  0  1   1  4   1  2  1  0  0  0/0    11:47   0:00   0:00 
Mark Pysyk               0  0  0   0  0   0  0  1  0  0  0/0    22:00   5:42   4:32 
Martin Marincin          0  0  0   1  0   0  0  0  0  0  0/0    13:38   0:37   1:12 
Matt Beleskey            0  0  0   1  0   4  0  0  0  0  2/3    22:47   7:35   0:26 
Nick Bjugstad            0  1  1   1  0   3  0  0  0  0  17/28  23:34   6:51   0:00 
Nikolai Kulemin          0  0  0   0  0   2  2  0  0  0  1/2    20:20   5:42   5:01 
Robert Bortuzzo          0  0  0   1  0   0  4  0  0  0  0/0    24:33   6:17   2:58 
Scott Harrington         0  0  0   0  0   0  0  0  0  0  0/0     3:40   1:55   1:45 
Stephen Weiss            0  0  0   0  0   3  0  0  0  0  2/6     7:35   1:21   0:00 
Viktor Stalberg          0  0  0   0  0   0  0  0  0  0  0/1     3:07   0:00   0:00 

3 Stars

1 - Jonas Hiller (SJS)
2 - Andrew Shaw (SJS)
3 - Ben Chiarot (ANA)

Power Play

Ducks - 1 on 4 Attempt(s) - 25.00%
Sharks - 0 on 7 Attempt(s) - 0.00%

Penalty Kill

Ducks - 7 on 7 Attempt(s) - 100.00% - Score 0 goal in Penalty Kill
Sharks - 3 on 4 Attempt(s) - 75.00% - Score 0 goal in Penalty Kill

Team Stat

Ducks - Hits : 25 - Faceoff Wins : 45 - Blocked Shots : 4 - Penalty Minutes : 14
Sharks - Hits : 20 - Faceoff Wins : 43 - Blocked Shots : 5 - Penalty Minutes : 8

Official

Referees : Brad Meier and Mike Hasenfratz
Linesman : Pierre Racicot and David Brisebois

Game Notes

Paul Gaustad is injured at 4:51 of 2nd period (Lower Body)
Jannik Hansen is injured at 14:22 of 2nd period (Sprained Left Finger)

Finance

Level 1 -- Attendance: 5875 (90.38%) -- Ticket Income $587,500
Level 2 -- Attendance: 4852 (97.04%) -- Ticket Income $291,120
Level 3 -- Attendance: 3500 (100.00%) -- Ticket Income $122,500
Level 4 -- Attendance: 1562 (100.00%) -- Ticket Income $31,240
Luxury Box -- Attendance: 973 (97.30%) -- Ticket Income $194,600
Game was played at the SAP center.
Total Attendance: 16762 (95.44%)
Total Ticket Income: $1,226,960
Other Income: $184,044
Total Income: $1,411,004

% Time on Ice - Ducks

Lines # - Real PCT - Wanted PCT - Time Play
Normal Forward
1 - 30% - 30% - 11:18
2 - 31% - 30% - 11:42
3 - 28% - 27% - 10:32
4 - 12% - 13% - 4:39
Normal Defense
1 - 38% - 37% - 14:29
2 - 37% - 37% - 13:58
3 - 25% - 26% - 9:44
4 - 0% - 0% - 0:00
PP Forward
1 - 58% - 58% - 4:13
2 - 42% - 42% - 3:00
PP Defense
1 - 57% - 57% - 4:08
2 - 43% - 43% - 3:05
PK Forward
1 - 58% - 55% - 8:07
2 - 42% - 45% - 5:47
PK Defense
1 - 47% - 63% - 6:29
2 - 53% - 37% - 7:25
PK3 Forward
1 - 0% - 52%
2 - 0% - 48%
PK3 Defense
1 - 0% - 63%
2 - 0% - 37%
44 Forward
1 - 0% - 60%
2 - 0% - 40%
44 Defense
1 - 0% - 60%
2 - 0% - 40%
Last Minute Offensive  - 0:42
Last Minute Defensive  - 0:00
Total
Forward - 60:00
Defense - 60:00

% Time on Ice - Sharks

Lines # - Real PCT - Wanted PCT - Time Play
Normal Forward
1 - 37% - 40% - 14:04
2 - 25% - 30% - 9:37
3 - 30% - 20% - 11:23
4 - 8% - 10% - 3:07
Normal Defense
1 - 38% - 40% - 14:36
2 - 31% - 35% - 11:46
3 - 31% - 25% - 11:49
4 - 0% - 0% - 0:00
PP Forward
1 - 55% - 60% - 7:35
2 - 45% - 40% - 6:19
PP Defense
1 - 55% - 60% - 7:35
2 - 45% - 40% - 6:19
PK Forward
1 - 81% - 60% - 5:52
2 - 19% - 40% - 1:21
PK Defense
1 - 44% - 60% - 3:10
2 - 56% - 40% - 4:03
PK3 Forward
1 - 0% - 60%
2 - 0% - 40%
PK3 Defense
1 - 0% - 60%
2 - 0% - 40%
44 Forward
1 - 0% - 60%
2 - 0% - 40%
44 Defense
1 - 0% - 60%
2 - 0% - 40%
Last Minute Offensive  - 0:00
Last Minute Defensive  - 0:42
Total
Forward - 60:00
Defense - 60:00

Play by Play

1st period


0:01 of 1st period - Nick Bjugstad wins face-off versus Jordan Staal in neutral zone.
0:01 of 1st period - David Savard is hit by Jordan Staal and loses puck.
0:16 of 1st period - Shot by Andrew Shaw.
0:16 of 1st period - Goal by Andrew Shaw - Ducks : 0 - Sharks : 1.
0:17 of 1st period - Charlie Coyle wins face-off versus Brandon Dubinsky in neutral zone.
0:30 of 1st period - Shot by Nikolai Kulemin.
0:30 of 1st period - Shot Misses the Net.
0:33 of 1st period - Icing by Mark Fayne.
0:34 of 1st period - Brandon Dubinsky wins face-off versus Alexander Wennberg in Ducks zone.
0:57 of 1st period - Martin Marincin is hit by Brandon Dubinsky and loses puck.
1:04 of 1st period - Shot by Mark Scheifele.
1:04 of 1st period - Stopped by Jonas Hiller without a rebound.
1:05 of 1st period - Nick Bjugstad wins face-off versus Dave Bolland in Sharks zone.
1:21 of 1st period - Shot by Anton Lander.
1:21 of 1st period - Stopped by Jonas Hiller without a rebound.
1:22 of 1st period - Charlie Coyle wins face-off versus Jordin Tootoo in Sharks zone.
1:22 of 1st period - Jordan Leopold is hit by Ryan White and loses puck.
1:23 of 1st period - Double Minor Penalty to Paul Gaustad for Roughing.
1:24 of 1st period - Nick Bjugstad wins face-off versus Yannick Weber in Ducks zone.
1:25 of 1st period - Shot by Matt Beleskey.
1:25 of 1st period - Stopped by Craig Anderson without a rebound.
1:26 of 1st period - Nick Bjugstad wins face-off versus Jarome Iginla in Ducks zone.
1:52 of 1st period - Shot by Andrew Shaw.
1:52 of 1st period - Shot Misses the Net.
1:54 of 1st period - Shot by Nick Bjugstad.
1:54 of 1st period - Deflect By Matt Beleskey.
1:54 of 1st period - Stopped by Craig Anderson without a rebound.
1:55 of 1st period - Charlie Coyle wins face-off versus Jarome Iginla in Ducks zone.
5:38 of 1st period - Shot by Colin McDonald.
5:38 of 1st period - Shot Blocked by Ben Chiarot.
6:14 of 1st period - Paul Gaustad is hit by Colin McDonald and loses puck.
6:49 of 1st period - Shot by Wayne Simmonds.
6:49 of 1st period - Shot Blocked by Luke Witkowski.
7:05 of 1st period - Shot by Brandon Dubinsky.
7:05 of 1st period - Stopped by Jonas Hiller without a rebound.
7:06 of 1st period - Nick Bjugstad wins face-off versus Jarome Iginla in Sharks zone.
7:15 of 1st period - Shot by Nick Bjugstad.
7:15 of 1st period - Shot Misses the Net.
7:47 of 1st period - Icing by Mark Fayne.
7:48 of 1st period - Paul Gaustad wins face-off versus Charlie Coyle in Ducks zone.
8:03 of 1st period - Shot by Ryan White.
8:03 of 1st period - Stopped by Jonas Hiller without a rebound.
8:04 of 1st period - Dave Bolland wins face-off versus Stephen Weiss in Sharks zone.
8:30 of 1st period - Shot by Nick Bjugstad.
8:30 of 1st period - Stopped by Craig Anderson without a rebound.
8:31 of 1st period - Brandon Dubinsky wins face-off versus Charlie Coyle in Ducks zone.
8:48 of 1st period - Shot by Wayne Simmonds.
8:48 of 1st period - Stopped by Jonas Hiller with a rebound.
9:25 of 1st period - Wayne Simmonds is hit by Jordan Leopold.
9:34 of 1st period - Andrew Shaw is hit by Dave Bolland and loses puck.
9:46 of 1st period - Minor Penalty to John Klingberg for Hooking.
9:47 of 1st period - Nick Bjugstad wins face-off versus Paul Gaustad in Ducks zone.
11:50 of 1st period - Icing by Martin Marincin.
11:51 of 1st period - Jordan Staal wins face-off versus Alexander Wennberg in Sharks zone.
11:55 of 1st period - Minor Penalty to Luke Witkowski for Hooking.
11:56 of 1st period - Wayne Simmonds wins face-off versus Brooks Laich in Sharks zone.
12:49 of 1st period - Shot by Mark Scheifele.
12:49 of 1st period - Shot Misses the Net.
12:53 of 1st period - Shot by Mark Scheifele.
12:53 of 1st period - Stopped by Jonas Hiller without a rebound.
12:54 of 1st period - Brooks Laich wins face-off versus Mark Scheifele in Sharks zone.
13:09 of 1st period - Shot by Mark Scheifele.
13:09 of 1st period - Shot Misses the Net.
13:11 of 1st period - Shot by Ben Chiarot.
13:11 of 1st period - Goal by Ben Chiarot - Ducks : 1 - Sharks : 1.
13:12 of 1st period - Paul Gaustad wins face-off versus Stephen Weiss in neutral zone.
13:39 of 1st period - Shot by Stephen Weiss.
13:39 of 1st period - Stopped by Craig Anderson without a rebound.
13:40 of 1st period - Alexander Wennberg wins face-off versus Dave Bolland in Ducks zone.
13:56 of 1st period - Anton Lander is hit by Colin McDonald and loses puck.
14:07 of 1st period - Icing by Robert Bortuzzo.
14:08 of 1st period - Alexander Wennberg wins face-off versus Jordan Staal in Sharks zone.
14:33 of 1st period - Jarome Iginla is hit by Robert Bortuzzo.
14:55 of 1st period - Icing by Mark Fayne.
14:56 of 1st period - Jordan Staal wins face-off versus Nick Bjugstad in Ducks zone.
14:56 of 1st period - Jordan Staal is hit by Andrew Shaw.
15:01 of 1st period - Off-side.
15:02 of 1st period - Dave Bolland wins face-off versus Nick Bjugstad in neutral zone.
15:17 of 1st period - Minor Penalty to Adam Lowry for Interference.
15:18 of 1st period - Paul Gaustad wins face-off versus Charlie Coyle in Ducks zone.
15:18 of 1st period - Paul Gaustad is hit by Nikolai Kulemin.
15:25 of 1st period - Icing by Nikolai Kulemin.
15:26 of 1st period - Charlie Coyle wins face-off versus Paul Gaustad in Sharks zone.
15:30 of 1st period - Off-side.
15:31 of 1st period - Paul Gaustad wins face-off versus Andrew Shaw in neutral zone.
15:42 of 1st period - Shot by Andrew Shaw.
15:42 of 1st period - Shot Blocked by John Klingberg.
15:44 of 1st period - Shot by Nick Bjugstad.
15:44 of 1st period - Deflect By Matt Beleskey.
15:44 of 1st period - Stopped by Craig Anderson with a rebound.
18:07 of 1st period - Martin Marincin is hit by Jordan Staal and loses puck.
18:43 of 1st period - Andrew Shaw is hit by Willie Mitchell and loses puck.
18:52 of 1st period - Shot by Wayne Simmonds.
18:52 of 1st period - Shot Misses the Net.
18:54 of 1st period - Shot by Mark Scheifele.
18:54 of 1st period - Stopped by Jonas Hiller without a rebound.
18:55 of 1st period - Dave Bolland wins face-off versus Charlie Coyle in Sharks zone.
18:58 of 1st period - Shot by Anton Lander.
18:58 of 1st period - Stopped by Jonas Hiller without a rebound.
18:59 of 1st period - Dave Bolland wins face-off versus Charlie Coyle in Sharks zone.
19:08 of 1st period - Shot by Anton Lander.
19:08 of 1st period - Shot Misses the Net.
19:28 of 1st period - Shot by Dave Bolland.
19:28 of 1st period - Stopped by Jonas Hiller without a rebound.
19:29 of 1st period - Nick Bjugstad wins face-off versus Brandon Dubinsky in Sharks zone.
19:40 of 1st period - Icing by Brandon Dubinsky.
19:41 of 1st period - Nick Bjugstad wins face-off versus Brandon Dubinsky in Ducks zone.
19:42 of 1st period - Shot by Matt Beleskey.
19:42 of 1st period - Shot Blocked by Willie Mitchell.
19:50 of 1st period - Shot by Mark Scheifele.
19:50 of 1st period - Stopped by Jonas Hiller without a rebound.
19:51 of 1st period - Charlie Coyle wins face-off versus Dave Bolland in Sharks zone.
19:53 of 1st period - Icing by Nikolai Kulemin.
19:54 of 1st period - Brandon Dubinsky wins face-off versus Charlie Coyle in Sharks zone.
Goals for this period are 1 for Ducks vs 1 for Sharks.
Shots for this period are 11 for Ducks vs 6 for Sharks.

2nd period


0:01 of 2nd period - Dave Bolland wins face-off versus Nick Bjugstad in neutral zone.
0:27 of 2nd period - Icing by Jordan Leopold.
0:28 of 2nd period - Brandon Dubinsky wins face-off versus Nick Bjugstad in Sharks zone.
1:00 of 2nd period - Shot by Wayne Simmonds.
1:00 of 2nd period - Shot Misses the Net.
1:13 of 2nd period - Shot by Nikolai Kulemin.
1:13 of 2nd period - Deflect By Charlie Coyle.
1:13 of 2nd period - Stopped by Craig Anderson without a rebound.
1:14 of 2nd period - Dave Bolland wins face-off versus Alexander Wennberg in Ducks zone.
1:14 of 2nd period - Dave Bolland is hit by Jannik Hansen.
1:24 of 2nd period - Jannik Hansen is hit by Willie Mitchell and loses puck.
1:41 of 2nd period - Icing by Martin Marincin.
1:42 of 2nd period - Jordan Staal wins face-off versus Alexander Wennberg in Sharks zone.
1:42 of 2nd period - Boone Jenner is hit by Luke Witkowski and loses puck.
2:06 of 2nd period - Icing by Luke Witkowski.
2:07 of 2nd period - Brandon Dubinsky wins face-off versus Alexander Wennberg in Sharks zone.
2:07 of 2nd period - Brandon Dubinsky is hit by Luke Witkowski.
2:08 of 2nd period - Minor Penalty to Luke Witkowski for Interference.
2:09 of 2nd period - Brooks Laich wins face-off versus Brandon Dubinsky in Sharks zone.
3:36 of 2nd period - Shot by Boone Jenner.
3:36 of 2nd period - Stopped by Jonas Hiller without a rebound.
3:37 of 2nd period - Brooks Laich wins face-off versus Mark Scheifele in Sharks zone.
4:02 of 2nd period - Shot by Ben Chiarot.
4:02 of 2nd period - Stopped by Jonas Hiller without a rebound.
4:03 of 2nd period - Wayne Simmonds wins face-off versus Charlie Coyle in Sharks zone.
4:20 of 2nd period - Shot by Viktor Stalberg.
4:20 of 2nd period - Shot Misses the Net.
4:23 of 2nd period - Icing by John Klingberg.
4:24 of 2nd period - Paul Gaustad wins face-off versus Nick Bjugstad in Ducks zone.
4:50 of 2nd period - Paul Gaustad is hit by Jordan Leopold and loses puck.
4:51 of 2nd period - Paul Gaustad from Ducks is injured at 4:51 of 2nd period (Lower Body).
4:52 of 2nd period - Charlie Coyle wins face-off versus Brandon Dubinsky in Sharks zone.
4:52 of 2nd period - Charlie Coyle is hit by Brandon Dubinsky.
5:23 of 2nd period - Nikolai Kulemin is hit by Alec Martinez and loses puck.
5:30 of 2nd period - Shot by Wayne Simmonds.
5:30 of 2nd period - Stopped by Jonas Hiller without a rebound.
5:31 of 2nd period - Matt Beleskey wins face-off versus Dave Bolland in Sharks zone.
6:03 of 2nd period - Shot by Adam Lowry.
6:03 of 2nd period - Shot Misses the Net.
6:05 of 2nd period - Shot by Yannick Weber.
6:05 of 2nd period - Stopped by Jonas Hiller without a rebound.
6:06 of 2nd period - Jordan Staal wins face-off versus Alexander Wennberg in Sharks zone.
6:27 of 2nd period - Shot by Jarome Iginla.
6:27 of 2nd period - Stopped by Jonas Hiller without a rebound.
6:28 of 2nd period - Brandon Dubinsky wins face-off versus Charlie Coyle in Sharks zone.
6:35 of 2nd period - Shot by Wayne Simmonds.
6:35 of 2nd period - Shot Misses the Net.
7:51 of 2nd period - Shot by Jarome Iginla.
7:51 of 2nd period - Shot Misses the Net.
8:25 of 2nd period - Shot by Anton Lander.
8:25 of 2nd period - Shot Blocked by Mark Pysyk.
8:27 of 2nd period - Shot by Yannick Weber.
8:27 of 2nd period - Shot Misses the Net.
8:29 of 2nd period - Shot by Yannick Weber.
8:29 of 2nd period - Shot Misses the Net.
8:31 of 2nd period - Shot by Dave Bolland.
8:31 of 2nd period - Stopped by Jonas Hiller without a rebound.
8:32 of 2nd period - Alexander Wennberg wins face-off versus Jordin Tootoo in Sharks zone.
8:43 of 2nd period - Shot by Colin McDonald.
8:43 of 2nd period - Stopped by Craig Anderson with a rebound.
8:45 of 2nd period - Shot by Luke Witkowski.
8:45 of 2nd period - Goal by Luke Witkowski - Ducks : 1 - Sharks : 2.
8:46 of 2nd period - Alexander Wennberg wins face-off versus Brandon Dubinsky in neutral zone.
9:02 of 2nd period - Martin Marincin is hit by Brandon Dubinsky and loses puck.
9:11 of 2nd period - Shot by Brandon Dubinsky.
9:11 of 2nd period - Deflect By Mark Scheifele.
9:11 of 2nd period - Stopped by Jonas Hiller without a rebound.
9:12 of 2nd period - Dave Bolland wins face-off versus Charlie Coyle in Sharks zone.
9:12 of 2nd period - John Klingberg is hit by Robert Bortuzzo and loses puck.
9:48 of 2nd period - Icing by Willie Mitchell.
9:49 of 2nd period - Nick Bjugstad wins face-off versus Dave Bolland in Ducks zone.
10:22 of 2nd period - Shot by Nick Bjugstad.
10:22 of 2nd period - Stopped by Craig Anderson without a rebound.
10:23 of 2nd period - Alexander Wennberg wins face-off versus Jordan Staal in Ducks zone.
10:23 of 2nd period - Alexander Wennberg is hit by Mark Fayne.
10:51 of 2nd period - Shot by Jarome Iginla.
10:51 of 2nd period - Shot Misses the Net.
11:03 of 2nd period - Shot by Jarome Iginla.
11:03 of 2nd period - Shot Misses the Net.
11:39 of 2nd period - Ben Chiarot is hit by Colin McDonald and loses puck.
12:45 of 2nd period - Icing by David Savard.
12:46 of 2nd period - Nick Bjugstad wins face-off versus Dave Bolland in Sharks zone.
13:34 of 2nd period - Off-side.
13:35 of 2nd period - Brandon Dubinsky wins face-off versus Stephen Weiss in neutral zone.
13:57 of 2nd period - Shot by Stephen Weiss.
13:57 of 2nd period - Stopped by Craig Anderson without a rebound.
13:58 of 2nd period - Alexander Wennberg wins face-off versus Jordan Staal in Ducks zone.
13:58 of 2nd period - Alexander Wennberg is hit by Ben Chiarot.
14:22 of 2nd period - Shot by Jarome Iginla.
14:22 of 2nd period - Shot Blocked by Jannik Hansen.
14:22 of 2nd period - Jannik Hansen from Sharks is injured at 14:22 of 2nd period (Sprained Left Finger).
14:23 of 2nd period - Charlie Coyle wins face-off versus Brandon Dubinsky in Sharks zone.
14:23 of 2nd period - Charlie Coyle is hit by Brandon Dubinsky.
14:45 of 2nd period - Shot by Brandon Dubinsky.
14:45 of 2nd period - Stopped by Jonas Hiller without a rebound.
14:46 of 2nd period - Matt Beleskey wins face-off versus Jordan Staal in Sharks zone.
14:46 of 2nd period - Minor Penalty to Jordan Staal for Holding.
14:47 of 2nd period - Jarome Iginla wins face-off versus Nick Bjugstad in Ducks zone.
14:55 of 2nd period - Icing by David Savard.
14:56 of 2nd period - Nick Bjugstad wins face-off versus Jarome Iginla in Sharks zone.
15:08 of 2nd period - Shot by Andrew Shaw.
15:08 of 2nd period - Shot Misses the Net.
15:17 of 2nd period - Icing by Andrew Shaw.
15:18 of 2nd period - Nick Bjugstad wins face-off versus Yannick Weber in Sharks zone.
15:18 of 2nd period - Nick Bjugstad is hit by Jarome Iginla.
15:39 of 2nd period - Icing by Andrew Shaw.
15:40 of 2nd period - Nick Bjugstad wins face-off versus Jarome Iginla in Sharks zone.
17:27 of 2nd period - Icing by Alexander Wennberg.
17:28 of 2nd period - Stephen Weiss wins face-off versus Brandon Dubinsky in Sharks zone.
17:59 of 2nd period - Shot by Wayne Simmonds.
17:59 of 2nd period - Stopped by Jonas Hiller without a rebound.
18:00 of 2nd period - Charlie Coyle wins face-off versus Dave Bolland in Sharks zone.
18:00 of 2nd period - Charlie Coyle is hit by Dave Bolland.
18:32 of 2nd period - Icing by Adam Lowry.
18:33 of 2nd period - Dave Bolland wins face-off versus Matt Beleskey in Ducks zone.
18:40 of 2nd period - Shot by Dave Bolland.
18:40 of 2nd period - Shot Misses the Net.
18:42 of 2nd period - Shot by Ben Chiarot.
18:42 of 2nd period - Shot Misses the Net.
18:44 of 2nd period - Shot by Anton Lander.
18:44 of 2nd period - Shot Misses the Net.
18:53 of 2nd period - Icing by Andrew Shaw.
18:54 of 2nd period - Nick Bjugstad wins face-off versus Jordan Staal in Sharks zone.
19:49 of 2nd period - Charlie Coyle is hit by Brandon Dubinsky.
19:57 of 2nd period - Shot by Brooks Laich.
19:57 of 2nd period - Deflect By Nikolai Kulemin.
19:57 of 2nd period - Stopped by Craig Anderson without a rebound.
19:58 of 2nd period - Dave Bolland wins face-off versus Alexander Wennberg in Ducks zone.
Goals for this period are 0 for Ducks vs 1 for Sharks.
Shots for this period are 9 for Ducks vs 6 for Sharks.

3rd period


0:01 of 3rd period - Nick Bjugstad wins face-off versus Jarome Iginla in neutral zone.
0:01 of 3rd period - Andrew Shaw is hit by Jordan Staal and loses puck.
0:44 of 3rd period - Shot by Boone Jenner.
0:44 of 3rd period - Stopped by Jonas Hiller without a rebound.
0:45 of 3rd period - Charlie Coyle wins face-off versus Brandon Dubinsky in Sharks zone.
0:50 of 3rd period - Wayne Simmonds is hit by Brooks Laich and loses puck.
1:08 of 3rd period - Mark Pysyk is hit by Brandon Dubinsky and loses puck.
1:21 of 3rd period - Shot by Mark Scheifele.
1:21 of 3rd period - Stopped by Jonas Hiller without a rebound.
1:22 of 3rd period - Dave Bolland wins face-off versus Alexander Wennberg in Sharks zone.
1:44 of 3rd period - Alexander Wennberg is hit by Adam Lowry and loses puck.
2:03 of 3rd period - Shot by Anton Lander.
2:03 of 3rd period - Deflect By Adam Lowry.
2:03 of 3rd period - Shot Misses the Net.
2:24 of 3rd period - Boone Jenner is hit by David Savard and loses puck.
2:28 of 3rd period - Boone Jenner is hit by David Savard and loses puck.
2:34 of 3rd period - Jordan Staal is hit by Robert Bortuzzo and loses puck.
2:47 of 3rd period - Shot by Jordan Staal.
2:47 of 3rd period - Shot Misses the Net.
3:14 of 3rd period - Off-side.
3:15 of 3rd period - Brandon Dubinsky wins face-off versus Charlie Coyle in neutral zone.
3:18 of 3rd period - Shot by Wayne Simmonds.
3:18 of 3rd period - Stopped by Jonas Hiller without a rebound.
3:19 of 3rd period - Brandon Dubinsky wins face-off versus Charlie Coyle in Sharks zone.
4:07 of 3rd period - Icing by John Klingberg.
4:08 of 3rd period - Wayne Simmonds wins face-off versus Viktor Stalberg in Ducks zone.
4:12 of 3rd period - Off-side.
4:13 of 3rd period - Dave Bolland wins face-off versus Nick Bjugstad in neutral zone.
4:24 of 3rd period - Off-side.
4:25 of 3rd period - Jordan Staal wins face-off versus Stephen Weiss in neutral zone.
4:43 of 3rd period - Off-side.
4:44 of 3rd period - Dave Bolland wins face-off versus Charlie Coyle in neutral zone.
4:44 of 3rd period - Dave Bolland is hit by Nikolai Kulemin.
4:58 of 3rd period - Shot by David Savard.
4:58 of 3rd period - Stopped by Craig Anderson without a rebound.
4:59 of 3rd period - Nick Bjugstad wins face-off versus Brandon Dubinsky in Ducks zone.
5:20 of 3rd period - Shot by Wayne Simmonds.
5:20 of 3rd period - Deflect By Brandon Dubinsky.
5:20 of 3rd period - Shot Blocked by Jordan Leopold.
5:22 of 3rd period - Shot by Wayne Simmonds.
5:22 of 3rd period - Shot Misses the Net.
5:24 of 3rd period - Shot by Mark Fayne.
5:24 of 3rd period - Stopped by Jonas Hiller without a rebound.
5:25 of 3rd period - Charlie Coyle wins face-off versus Dave Bolland in Sharks zone.
5:25 of 3rd period - Charlie Coyle is hit by Adam Lowry.
5:28 of 3rd period - David Savard is hit by Dave Bolland and loses puck.
5:34 of 3rd period - Minor Penalty to John Klingberg for Holding.
5:35 of 3rd period - Jarome Iginla wins face-off versus Nick Bjugstad in Ducks zone.
6:13 of 3rd period - Shot by Nick Bjugstad.
6:13 of 3rd period - Stopped by Craig Anderson with a rebound.
6:15 of 3rd period - Shot by Matt Beleskey.
6:15 of 3rd period - Shot Misses the Net.
6:34 of 3rd period - Shot by Brooks Laich.
6:34 of 3rd period - Stopped by Craig Anderson without a rebound.
6:35 of 3rd period - Dave Bolland wins face-off versus Nikolai Kulemin in Ducks zone.
7:05 of 3rd period - Off-side.
7:06 of 3rd period - Dave Bolland wins face-off versus Nick Bjugstad in neutral zone.
7:17 of 3rd period - Shot by Nick Bjugstad.
7:17 of 3rd period - Deflect By Matt Beleskey.
7:17 of 3rd period - Stopped by Craig Anderson without a rebound.
7:18 of 3rd period - Jarome Iginla wins face-off versus Nick Bjugstad in Ducks zone.
7:35 of 3rd period - Shot by Stephen Weiss.
7:35 of 3rd period - Stopped by Craig Anderson without a rebound.
7:36 of 3rd period - Jordan Staal wins face-off versus Charlie Coyle in Ducks zone.
7:41 of 3rd period - Jarome Iginla is hit by Charlie Coyle and loses puck.
8:09 of 3rd period - Icing by Jordan Leopold.
8:10 of 3rd period - Dave Bolland wins face-off versus Charlie Coyle in Sharks zone.
8:51 of 3rd period - Shot by Andrew Shaw.
8:51 of 3rd period - Shot Misses the Net.
8:53 of 3rd period - Shot by Matt Beleskey.
8:53 of 3rd period - Shot Misses the Net.
9:11 of 3rd period - Shot by Andrew Shaw.
9:11 of 3rd period - Shot Blocked by Willie Mitchell.
9:21 of 3rd period - David Savard is hit by Brandon Dubinsky and loses puck.
10:21 of 3rd period - Shot by Jarome Iginla.
10:21 of 3rd period - Stopped by Jonas Hiller without a rebound.
10:22 of 3rd period - Jarome Iginla wins face-off versus Charlie Coyle in Sharks zone.
10:24 of 3rd period - Minor Penalty to Jordan Leopold for Roughing.
10:25 of 3rd period - Nikolai Kulemin wins face-off versus Mark Scheifele in Sharks zone.
10:25 of 3rd period - Nikolai Kulemin is hit by Boone Jenner.
10:45 of 3rd period - Shot by Boone Jenner.
10:45 of 3rd period - Deflect By Mark Scheifele.
10:45 of 3rd period - Shot Misses the Net.
10:47 of 3rd period - Shot by Mark Scheifele.
10:47 of 3rd period - Shot Misses the Net.
11:35 of 3rd period - Shot by John Klingberg.
11:35 of 3rd period - Stopped by Jonas Hiller without a rebound.
11:36 of 3rd period - Brandon Dubinsky wins face-off versus Brooks Laich in Sharks zone.
13:08 of 3rd period - Luke Witkowski is hit by Jordan Staal and loses puck.
15:13 of 3rd period - Shot by Jordan Staal.
15:13 of 3rd period - Shot Blocked by David Savard.
15:16 of 3rd period - Minor Penalty to David Savard for Goalie Interference.
15:17 of 3rd period - Mark Scheifele wins face-off versus Brooks Laich in Sharks zone.
15:32 of 3rd period - Shot by Mark Scheifele.
15:32 of 3rd period - Stopped by Jonas Hiller without a rebound.
15:33 of 3rd period - Brooks Laich wins face-off versus Brandon Dubinsky in Sharks zone.
15:51 of 3rd period - Shot by Ben Chiarot.
15:51 of 3rd period - Stopped by Jonas Hiller without a rebound.
15:52 of 3rd period - Brooks Laich wins face-off versus Mark Scheifele in Sharks zone.
17:16 of 3rd period - Shot by Mark Scheifele.
17:16 of 3rd period - Stopped by Jonas Hiller without a rebound.
17:17 of 3rd period - Stephen Weiss wins face-off versus Jordin Tootoo in Sharks zone.
17:17 of 3rd period - Stephen Weiss is hit by Jordin Tootoo.
17:18 of 3rd period - Minor Penalty to Jordin Tootoo for Roughing.
17:19 of 3rd period - Jarome Iginla wins face-off versus Nick Bjugstad in Ducks zone.
18:18 of 3rd period - Shot by Charlie Coyle.
18:18 of 3rd period - Deflect By Nikolai Kulemin.
18:18 of 3rd period - Stopped by Craig Anderson without a rebound.
18:19 of 3rd period - Nick Bjugstad wins face-off versus Jarome Iginla in Ducks zone.
18:32 of 3rd period - Shot by Andrew Shaw.
18:32 of 3rd period - Shot Hit the Post.
19:13 of 3rd period - Brandon Dubinsky is hit by Charlie Coyle and loses puck.
19:28 of 3rd period - Ducks, Craig Anderson is pulled from the net.
19:37 of 3rd period - John Klingberg is hit by Robert Bortuzzo and loses puck.
Goals for this period are 0 for Ducks vs 0 for Sharks.
Shots for this period are 9 for Ducks vs 6 for Sharks.